 Dungeon Crawl Stone Soup version 0.29-a0-813-g4a14ea37d6 (webtiles) character file.

Game seed: 13460693882588360976

254 polve the Ruffian (level 5, 0/57 HPs)
             Began as a Demonspawn Gladiator on July 4, 2022.
             Succumbed to a scorpion's poison
             ... on level 4 of the Dungeon.
             The game lasted 00:02:14 (2966 turns).

polve the Ruffian (Demonspawn Gladiator)            Turns: 2966, Time: 00:02:15

Health: 0/57       AC: 22    Str: 17    XL:     5   Next: 91%
Magic:  5/5        EV:  2    Int:  9    God:
Gold:   187        SH:  4    Dex: 14    Spells: 4/4 levels left

rFire   . . .      SeeInvis +   a - +0 war axe
rCold   . . .      Faith    .   f - +0 buckler
rNeg    . . .      Spirit   .   (body armour currently unavailable)
rPois   +          Reflect  .   (helmet currently unavailable)
rElec   .          Harm     .   (cloak currently unavailable)
rCorr   .          Rampage  .   (gloves currently unavailable)
Will    .....      NoTele   +   (boots currently unavailable)
Stlth   +.........              (no amulet)
HPRegen 0.19/turn               (no ring)
MPRegen 0.09/turn               (no ring)

@: lethally poisoned (0 -> -8), tree-form
A: stationary, stasis, torment immunity, boosted hp, (claws 1), ignite blood 1,
(sharp scales 1), (antennae 2), see invisible
a: no special abilities


You were on level 4 of the Dungeon.
You were a tree.
You visited 1 branch of the dungeon, and saw 4 of its levels.

You collected 187 gold pieces.

Inventory:

Hand Weapons
 a - a +0 war axe (weapon)
Missiles
 d - 3 throwing nets (quivered)
 e - a javelin
Armour
 c - a +0 helmet
 f - a +0 buckler (worn)
 k - a +0 ring mail (melded)
Jewellery
 m - a ring of magical power
Scrolls
 b - a scroll of acquirement {unknown}
 h - a scroll of poison {unknown}
 i - a scroll of brand weapon {unknown}
 l - 2 scrolls of magic mapping {unknown}
 n - 2 scrolls of identify {unknown}
 o - a scroll of fear {unknown}
 q - a scroll of enchant weapon {unknown}
 s - a scroll of teleportation {unknown}
Potions
 g - 3 potions of lignification
 j - a potion of mutation
 p - a potion of curing {unknown}
 r - a potion of brilliance {unknown}


   Skills:
 - Level 2.0 Fighting
 - Level 3.2 Axes
 - Level 1.7 Throwing
 - Level 2.0 Armour
 - Level 2.6 Dodging
 - Level 2.0 Shields
 + Level 3.7 Unarmed Combat


You had 4 spell levels left.
You didn't know any spells.
Your spell library contained the following spells:

 Spells                   Type           Power      Damage    Failure   Level
 Sandblast                Erth           0%         2d4       47%         1
 Passwall                 Tmut/Erth      0%         N/A       63%         2
 Stone Arrow              Conj/Erth      0%         3d7       85%         3


Dungeon Overview and Level Annotations

Branches:
Dungeon (4/15)             Temple (0/1) D:4

Altars:


Innate Abilities, Weirdness & Mutations

You are a tree.
Your roots penetrate the ground, keeping you stationary.
You cannot be teleported.
You are immune to unholy pain and torment.
Your maximum health is greatly increased.
Your equipment is partially melded.
((You have sharp fingernails.))
Your demonic aura sometimes causes spilled blood to erupt in flames.
((You are partially covered in razor-sharp scales. (AC +1, Slay +1)))
((You have a pair of antennae on your head.))
You have supernaturally acute eyesight. (SInv)


Message History

You hit the black bear.
The black bear is almost dead.
You hit the scorpion.
You feel very sick.
The black bear is engulfed in blazing flames.
You kill the black bear!
The scorpion barely misses you.
Training target 2.0 for Armour reached!
Your Armour skill increases to level 2!
Your Unarmed Combat skill gained 2 levels and is now at level 3!
You have reached level 5!
Your demonic ancestry asserts itself...
Sharp scales grow over part of your body.
You closely miss the scorpion.
The scorpion is heavily wounded.
You feel very sick.
The scorpion stings you but does no damage.
An iguana comes into view.
The scorpion stings you but does no damage.
The iguana hisses angrily.
You hit the scorpion.
The scorpion is severely wounded.
You feel sick. The scorpion stings you. x2
* * * LOW HITPOINT WARNING * * *
You are lethally poisoned!
The scorpion poisons you!
You hit the scorpion.
You kill the scorpion!
* * * LOW HITPOINT WARNING * * *
You feel very sick.
It was a potion of mutation.
You feel extremely strange. A pair of antennae grows on your head!
Your +0 helmet falls away!
The antennae on your head grow some more.
Your vision sharpens.
* * * LOW HITPOINT WARNING * * *
You feel very sick.
It was a potion of lignification.
You turn into a tree.
Your +0 ring mail melds into your body.
Your roots penetrate the ground.
You die...

....##.
.......
...^...
.......
.......
..... ##
###†.#
.###(.#.♣..#
.......†...#
......†#...#
8.8..l.#<..#
.⌠...###..+#
>.8.. #.##
.⌠.. ..# 8(8
..# ... ...#


You could see an iguana.

Vanquished Creatures
  A black bear (D:4)
  A scorpion (D:4)
  5 adders
  3 worms (D:3)
  A dart slug (D:1)
  An orc (D:3)
  3 bats (D:3)
  3 endoplasms (D:1)
  3 giant cockroaches
  4 goblins
  4 hobgoblins
  A quokka (D:1)
  7 ball pythons
  3 frilled lizards
  5 kobolds
  9 rats
54 creatures vanquished.

Notes
Turn   | Place    | Note
-------+----------+-------------------------------------------
     0 | D:1      | polve the Demonspawn Gladiator began the quest for the Orb.
     0 | D:1      | Reached XP level 1. HP: 16/16 MP: 1/1
    93 | D:1      | Gained mutation: Your demonic aura sometimes causes spilled
                  | blood to erupt in flames. [demonic ancestry]
    93 | D:1      | Reached XP level 2. HP: 22/22 MP: 2/2
   532 | D:1      | Reached skill level 1 in Shields
  1003 | D:1      | Found a faded altar of an unknown god.
  1114 | D:2      | Gained mutation: You have sharp fingernails. [demonic
                  | ancestry]
  1114 | D:2      | Reached XP level 3. HP: 26/27 MP: 3/3
  1506 | D:2      | Reached skill level 1 in Armour
  2097 | D:3      | Reached XP level 4. HP: 32/33 MP: 4/4
  2110 | D:3      | Reached skill level 1 in Unarmed Combat
  2953 | D:4      | Noticed a scorpion
  2954 | D:4      | Found a staircase to the Ecumenical Temple.
  2954 | D:4      | Noticed a black bear
  2961 | D:4      | Killed a black bear
  2962 | D:4      | Gained mutation: You are partially covered in razor-sharp
                  | scales. (AC +1, Slay +1) [demonic ancestry]
  2962 | D:4      | Reached XP level 5. HP: 25/38 MP: 5/5
  2965 | D:4      | Gained mutation: You have a pair of small antennae on your
                  | head. [potion of mutation]
  2965 | D:4      | Gained mutation: You have a pair of antennae on your head.
                  | [potion of mutation]
  2965 | D:4      | Gained mutation: You have supernaturally acute eyesight.
                  | (SInv) [potion of mutation]
  2965 | D:4      | HP: 1/38 [poisoned by a scorpion]
  2966 | D:4      | Succumbed to a scorpion's poison

Illustrated notes

Levels and vault maps discovered:
D:1:      erik_arrival_orb_chamber, layout_rooms,
          hellmonk_ecumenical_altar_inner_sanctum, chequers_decorated_corner
D:2:      layout_loops_cross
D:3:      layout_basic
D:4:      layout_gridville, nicolae_overflow_quartered_altars,
          minmay_temple_entry_statues_fountains, serial_shops, kennysheep_mini,
          minmay_misc_feat_square, minmay_misc_feat_chi, uniq_grinder

Skill      XL: |  1  2  3  4 |
---------------+-------------+-----
Axes           | 3 |  3.2
Shields        | 1 2 |  2.0
Armour         | 1 2 |  2.0
Unarmed Combat | 3 |  3.7
Fighting       | |  2.0
Throwing       | |  1.7
Dodging        | |  2.6

Action                   |  1- 3 |  4- 6 || total
-------------------------+-------+-------++-------
Melee: War axe           |    92 |    32 ||   124
  Use: Potion            |       |     2 ||     2
Armor: Leather armour    |     9 |       ||     9
       Ring mail         |    19 |    11 ||    30
Dodge: Dodged            |    75 |    10 ||    85
Block: Buckler           |    15 |     5 ||    20

Table legend: (Time is in decaauts)
 A = Elapsed time spent in this place.
 B = Non-inter-level travel time spent in this place.
 C = Inter-level travel time spent in this place.
 D = Time resting spent in this place.
 E = Time spent auto-exploring this place.
 F = Levels seen in this place.
 G = Mean time per level.
                   A        B        C        D        E       F      G
               +--------+--------+--------+--------+--------+-----+--------+
         Total |   3012 |   2898 |    114 |      0 |   2528 |   4 |  753.0 |
       Dungeon |   3012 |   2898 |    114 |      0 |   2528 |   4 |  753.0 |
               +--------+--------+--------+--------+--------+-----+--------+

Top non-repeatable levels by time:
     D:1: 1066 daAuts
     D:3: 984 daAuts
     D:2: 943 daAuts
     D:4: 18 daAuts
